 Dungeon Crawl Stone Soup version 0.28.0 (webtiles) character file.

Game seed: 4334823869966238698

210 funkygono the Firebug (level 5, -3/28 HPs)
             Began as a Gargoyle Fire Elementalist on Feb 14, 2022.
             Slain by Duvessa (13 damage)
             ... on level 4 of the Dungeon.
             The game lasted 00:04:12 (2263 turns).

funkygono the Firebug (Gargoyle Fire Elementalist)  Turns: 2263, Time: 00:04:13

Health: -3/28      AC:  7    Str: 11    XL:     5   Next: 88%
Magic:  0/10       EV: 12    Int: 18    God:
Gold:   27         SH:  0    Dex: 10    Spells: 4/10 levels left

rFire   . . .      SeeInvis .   g - +0 morningstar
rCold   . . .      Faith    .   (no shield)
rNeg    + . .      Spirit   .   a - +0 robe
rPois   ∞          Reflect  .   c - +0 helmet
rElec   +          Harm     .   (no cloak)
rCorr   .          Rampage  .   (no gloves)
Will    .....                   (no boots)
Stlth   +.........              (no amulet)
HPRegen 0.09/turn               (no ring)
MPRegen 0.12/turn               (no ring)

@: lit by a corona, glowing
A: sickness immunity, AC +4, negative energy resistance 1, electricity
resistance, torment resistance 1, petrification resistance
a: no special abilities


You were on level 4 of the Dungeon.
You visited 1 branch of the dungeon, and saw 3 of its levels.

You collected 27 gold pieces.

Inventory:

Hand Weapons
 g - a +0 morningstar (weapon)
Missiles
 d - 62 stones
Armour
 a - a +0 robe (worn)
 c - a +0 helmet (worn)
Scrolls
 b - a scroll of blinking
 f - 2 scrolls of identify {unknown}
 j - a scroll of fear {unknown}
 k - a scroll of amnesia {unknown}
Potions
 e - a potion of heal wounds {unknown}
 h - 2 potions of curing {unknown}
 i - a potion of attraction {unknown}
 l - a potion of brilliance
 m - a potion of ambrosia {unknown}


   Skills:
 + Level 0.1 Fighting
 + Level 1.8 Dodging
 - Level 2.1 Stealth
 * Level 3.4 Spellcasting
 * Level 2.6 Conjurations
 * Level 4.8 Fire Magic


You had 4 spell levels left.
You knew the following spells:

 Your Spells              Type           Power      Damage    Failure   Level
a - Foxfire               Conj/Fire      64%        2x1d7     3%          1
b - Scorch                Fire           40%        2d7       3%          2
c - Conjure Flame         Conj/Fire      16%        6-21      10%         3

Your spell library contained the following spells:

 Spells                   Type           Power      Damage    Failure   Level
 Inner Flame              Hex/Fire       11%        N/A       17%         3
 Flame Wave               Conj/Fire      16%        2d6       32%         4


Dungeon Overview and Level Annotations

Branches:
Dungeon (2/15)

Altars:

Annotations:
D:4 Duvessa


Innate Abilities, Weirdness & Mutations

You are immune to sickness and miasma.
Your stone body is resilient. (AC +4)
You are immune to poison.
You resist negative energy. (rN+)
You are resistant to electric shocks. (rElec)
You are resistant to unholy torment.
You are immune to petrification.


Message History

The foxfire hits Dowan.
You kill Dowan!
Duvessa screams, "No!
How DARE you!"
Duvessa goes berserk!
The foxfire hits Duvessa but does no damage.
Casting: Foxfire (safe; 3% risk of failure)
Confirm with . or Enter, or press ? or * to list all spells.
You conjure some foxfire!
Casting: Foxfire (safe; 3% risk of failure)
Confirm with . or Enter, or press ? or * to list all spells.
You conjure some foxfire!
The foxfire hits Duvessa but does no damage.
The foxfire hits Duvessa.
Duvessa is lightly wounded.
Duvessa closely misses you.
Casting: Foxfire (safe; 3% risk of failure)
Confirm with . or Enter, or press ? or * to list all spells.
You conjure some foxfire!
The foxfire hits Duvessa.
Duvessa is lightly wounded.
The foxfire hits Duvessa.
Duvessa is lightly wounded.
Duvessa hits you with a +2 short sword of protection.
Duvessa hits you with a +2 short sword of protection!
Casting: Foxfire (safe; 3% risk of failure)
Confirm with . or Enter, or press ? or * to list all spells.
You conjure some foxfire!
The foxfire hits Duvessa but does no damage.
Duvessa is lightly wounded.
The foxfire hits Duvessa.
Duvessa is moderately wounded.
Duvessa barely misses you.
Casting: Foxfire (safe; 3% risk of failure)
Confirm with . or Enter, or press ? or * to list all spells.
You conjure some foxfire!
The foxfire hits Duvessa!
Duvessa is moderately wounded.
The foxfire hits Duvessa.
Duvessa is heavily wounded.
Duvessa barely misses you.
Duvessa hits you with a +2 short sword of protection!
You die...

##..........##..#.......
#..######.######..####
...######.# #.## ...........
##.# ##.########.###..#
#.....# #.....#########
#####.####..............
#...........#v..############
#.##.........v@e.)..........
#.##..######....####........
###.##..#### #.####
#.#####.. ...........# #.
..# ##.#######.# ## ### #.#
#.####### #.# #........ #.#
#.....).. #.# #.####.##


You could see Duvessa (berserk, fast, ally target).

Vanquished Creatures
  A scorpion (D:4)
  Dowan (D:4)
  A gnoll (D:1)
  An adder (D:2)
  2 adder skeletons (D:4)
  A worm (D:2)
  4 dart slugs (D:1)
  An orc (D:4)
  8 bats
  6 endoplasms
  5 goblins
  8 hobgoblins
  9 jackals
  4 kobolds
  A quokka (D:1)
  3 ball pythons
  5 frilled lizards
  4 rats (D:1)
65 creatures vanquished.

Vanquished Creatures (others)
  174 foxfires
174 creatures vanquished.

Grand Total: 239 creatures vanquished

Notes
Turn   | Place    | Note
-------+----------+-------------------------------------------
     0 | D:1      | funkygono the Gargoyle Fire Elementalist began the quest
                  | for the Orb.
     0 | D:1      | Reached XP level 1. HP: 10/10 MP: 3/3
   138 | D:1      | Reached XP level 2. HP: 15/15 MP: 0/5
   141 | D:1      | Learned a level 2 spell: Scorch
   425 | D:1      | Reached XP level 3. HP: 15/19 MP: 0/6
   758 | D:1      | Learned a level 3 spell: Conjure Flame
   970 | D:1      | Reached skill level 4 in Fire Magic
  1307 | D:1      | Reached XP level 4. HP: 24/24 MP: 4/7
  1846 | D:2      | You fall into a shaft and drop 2 floors!
  2084 | D:4      | Noticed a scorpion
  2092 | D:4      | Killed a scorpion
  2093 | D:4      | Reached XP level 5. HP: 28/28 MP: 2/9
  2247 | D:4      | Noticed Dowan
  2249 | D:4      | Noticed Duvessa
  2258 | D:4      | Killed Dowan
  2263 | D:4      | Slain by Duvessa

Illustrated notes

Levels and vault maps discovered:
D:1:      amcnicky_arrival_wind_blow, layout_basic, minmay_misc_feat_chi,
          minmay_octomino_e4
D:2:      minmay_evil_eye, layout_loops_ring, hellmonk_ecumenical_altar_lost_god
D:4:      minmay_thinvault, layout_loops_ring,
          riverfiend_overflow_shadow_ancestor, serial_shops,
          kennysheep_little_box, uniq_duvessa

Skill      XL: |  1  2  3  4 |
---------------+-------------+-----
Fire Magic     | 4 |  4.8
Conjurations   | 2 |  2.6
Spellcasting   | 3 |  3.4
Fighting       | |  0.1
Dodging        | |  1.8
Stealth        | |  2.1

Action                   |  1- 3 |  4- 6 || total
-------------------------+-------+-------++-------
 Cast: Foxfire           |    53 |    52 ||   105
       Scorch            |     2 |     3 ||     5
  Use: Scroll            |       |     3 ||     3
Armor: Robe              |     8 |     4 ||    12
Dodge: Dodged            |    15 |    15 ||    30
